TOP OF THE 1ST |
Virginia Beach Whales batting - Pitching for Atlantic City Sonics : LHP Calle Lagerkvist
|
Pitching: LHP Calle Lagerkvist
|
|
Batting: RHB Daniel MacKinder
|
0-0: Ball 1-0: Fly out, F7 (Flyball, 78M, EV 87.5 MPH)
|
Batting: RHB Nick Harper
|
0-0: Ball 1-0: Ball 2-0: Called Strike 2-1: Ground out 5-3 (Groundball, 5, EV 77.5 MPH)
|
Batting: RHB Óscar Cardozo
|
0-0: Ball 1-0: Foul Ball, location: 2F 1-1: Foul Ball, location: 2F 1-2: Ball 2-2: Ball 3-2: SINGLE (Groundball, 6MD, EV 97.5 MPH)
|
Batting: RHB Todd Walker
|
0-0: Foul Ball, location: 2F 0-1: Ball 1-1: Ball 2-1: Ball 3-1: Fly out, F3 (Popup, 3F, EV 72.5 MPH)
|
Top of the 1st over - 0 runs, 1 hit, 0 errors, 1 left on base; Virginia Beach 0 - Atlantic City 0 |
BOTTOM OF THE 1ST |
Atlantic City Sonics batting - Pitching for Virginia Beach Whales : RHP Daryl Benstead
|
Pitching: RHP Daryl Benstead
|
|
Batting: RHB Jerry Scott
|
0-0: Swinging Strike 0-1: Ball 1-1: Ball 2-1: Swinging Strike 2-2: Ball 3-2: Foul Ball, location: 2F 3-2: Foul Ball, location: 2F 3-2: Base on Balls
|
Batting: RHB Román Ramírez
|
0-0: Ball 1-0: Ball 2-0: Called Strike 2-1: Fly out, F8 (Flyball, 89XD, EV 92.5 MPH)
|
Batting: RHB Zhong-yan Zhang
|
0-0: Called Strike 0-1: Called Strike 0-2: Ball Jerry Scott steals 2nd base (no throw) 1-2: Strikes out swinging
|
Batting: SHB John Clements
|
0-0: Foul Ball, location: 2F 0-1: Ball 1-1: Foul Ball, location: 2F 1-2: Foul Ball, location: 2F 1-2: Ball 2-2: Foul Ball, location: 2F 2-2: Foul Ball, location: 2F 2-2: Foul Ball, location: 2F 2-2: Fly out, F8 (Flyball, 8LM, EV 87.5 MPH)
|
Bottom of the 1st over - 0 runs, 0 hits, 0 errors, 1 left on base; Virginia Beach 0 - Atlantic City 0 |
TOP OF THE 2ND |
Virginia Beach Whales batting - Pitching for Atlantic City Sonics : LHP Calle Lagerkvist
|
Batting: RHB Paul Pitts
|
0-0: Ball 1-0: SINGLE (Line Drive, 9LM, EV 105.0 MPH)
|
Batting: LHB Asberry Harpending
|
0-0: Ball 1-0: Foul Ball, location: 2F 1-1: Foul Ball, location: 2F 1-2: Foul Ball, location: 2F 1-2: Foul Ball, location: 2F 1-2: Ball 2-2: Ball Wild Pitch! Paul Pitts to second 3-2: Ground out 5-3 (Groundball, 5, EV 82.5 MPH)
|
Batting: RHB Juan Oleastro
|
0-0: Called Strike 0-1: Swinging Strike 0-2: Ball 1-2: Fly out, F8 (Flyball, 8LD, EV 101.9 MPH) Runner from 2nd tags up, OUT at 3rd! 8-5
|
Top of the 2nd over - 0 runs, 1 hit, 0 errors, 0 left on base; Virginia Beach 0 - Atlantic City 0 |
BOTTOM OF THE 2ND |
Atlantic City Sonics batting - Pitching for Virginia Beach Whales : RHP Daryl Benstead
|
Batting: RHB Raffaello Dichio
|
0-0: Called Strike 0-1: Ball 1-1: Ball 2-1: DOUBLE (Groundball, 5L, EV 95.6 MPH)
|
Batting: RHB Garm van Opdorp
|
0-0: Ball 1-0: Foul Ball, location: 2F 1-1: Ball 2-1: Foul Ball, location: 2F 2-2: Fly out, F7 (Flyball, 78XD, EV 103.1 MPH) Runner from 2nd tags up, SAFE at 3rd, no throw by LF
|
Batting: LHB Luis Ortíz
|
0-0: Ball 1-0: Ball 2-0: Foul Ball, location: 2F 2-1: Swinging Strike 2-2: Ground out 4-3 (Groundball, 4, EV 79.4 MPH) Raffaello Dichio scores
|
Batting: RHB Denis Perrin
|
0-0: Ball 1-0: Ball 2-0: Called Strike 2-1: SINGLE (Line Drive, 9S, EV 97.5 MPH)
|
Batting: LHB Jorge Quilez
|
0-0: Ball 1-0: Ball 2-0: Swinging Strike 2-1: Ground out U3 (Groundball, 3, EV 91.9 MPH)
|
Bottom of the 2nd over - 1 run, 2 hits, 0 errors, 1 left on base; Virginia Beach 0 - Atlantic City 1 |
TOP OF THE 3RD |
Virginia Beach Whales batting - Pitching for Atlantic City Sonics : LHP Calle Lagerkvist
|
Batting: RHB Jessie Gibbs
|
0-0: Ball 1-0: Foul Ball, location: 2F 1-1: Ball 2-1: Ball 3-1: Called Strike 3-2: Foul Ball, location: 2F 3-2: Ground out 3-1 (Groundball, 34, EV 104.4 MPH)
|
Batting: RHB Dan Pike
|
0-0: Ground out 5-3 (Groundball, 56S, EV 79.4 MPH)
|
Batting: RHB Daniel MacKinder
|
0-0: Called Strike 0-1: Ball 1-1: Foul Ball, location: 2F 1-2: SINGLE (Line Drive, 89M, EV 91.9 MPH)
|
Batting: RHB Nick Harper
|
0-0: 2-RUN HOME RUN (Flyball, 7D, EV 108.1 MPH), Distance : 360 ft
|
Batting: RHB Óscar Cardozo
|
0-0: Ball 1-0: Called Strike 1-1: Ball 2-1: Ball 3-1: SINGLE (Flyball, 89S, EV 85.6 MPH)
|
Batting: RHB Todd Walker
|
0-0: Called Strike 0-1: Foul Ball, location: 2F 0-2: Ball Óscar Cardozo steals 2nd base (no throw) 1-2: Ball 2-2: Foul Ball, location: 2F 2-2: SINGLE (Flyball, 9S, EV 96.2 MPH) Óscar Cardozo to third
|
Batting: RHB Paul Pitts
|
0-0: Foul Ball, location: 2F 0-1: Fielders Choice at 2nd, U6 (Groundball, 6M, EV 88.1 MPH)
|
Top of the 3rd over - 2 runs, 4 hits, 0 errors, 2 left on base; Virginia Beach 2 - Atlantic City 1 |
BOTTOM OF THE 3RD |
Atlantic City Sonics batting - Pitching for Virginia Beach Whales : RHP Daryl Benstead
|
Batting: RHB Jerry Scott
|
0-0: Swinging Strike 0-1: Called Strike 0-2: Foul Ball, location: 2F 0-2: Strikes out swinging
|
Batting: RHB Román Ramírez
|
0-0: Hit by Pitch
|
Batting: RHB Zhong-yan Zhang
|
0-0: Ball Román Ramírez steals 2nd base (no throw) 1-0: Ground out 4-3 (Groundball, 4, EV 100.0 MPH) Román Ramírez to third
|
Batting: SHB John Clements
|
0-0: Called Strike 0-1: Ball 1-1: Ball 2-1: Ball 3-1: Base on Balls
|
Batting: RHB Raffaello Dichio
|
0-0: Called Strike John Clements steals 2nd base 0-1: Ball 1-1: Ball 2-1: SINGLE (Groundball, 34D, EV 96.2 MPH) Román Ramírez scores John Clements to third Runner from 3rd tries for Home, SAFE, no throw by RF
|
Batting: RHB Garm van Opdorp
|
0-0: Ball Raffaello Dichio steals 2nd base 1-0: Called Strike 1-1: Ball 2-1: Ball 3-1: Fly out, F9 (Flyball, 9S, EV 88.8 MPH)
|
Bottom of the 3rd over - 2 runs, 1 hit, 0 errors, 1 left on base; Virginia Beach 2 - Atlantic City 3 |
TOP OF THE 4TH |
Virginia Beach Whales batting - Pitching for Atlantic City Sonics : LHP Calle Lagerkvist
|
Batting: LHB Asberry Harpending
|
0-0: Foul Ball, location: 2F 0-1: Ground out U3 (Groundball, 3, EV 80.0 MPH)
|
Batting: RHB Juan Oleastro
|
0-0: Swinging Strike 0-1: Foul Ball, location: 2F 0-2: Ball 1-2: Ball 2-2: Ball 3-2: Strikes out swinging
|
Batting: RHB Jessie Gibbs
|
0-0: Called Strike 0-1: Swinging Strike 0-2: Ball 1-2: Foul Ball, location: 2F 1-2: Strikes out looking
|
Top of the 4th over - 0 runs, 0 hits, 0 errors, 0 left on base; Virginia Beach 2 - Atlantic City 3 |
BOTTOM OF THE 4TH |
Atlantic City Sonics batting - Pitching for Virginia Beach Whales : RHP Daryl Benstead
|
Batting: LHB Luis Ortíz
|
0-0: Ground out 1-3 (Groundball, 34S, EV 63.8 MPH)
|
Batting: RHB Denis Perrin
|
0-0: Ball 1-0: Called Strike 1-1: Foul Ball, location: 2F 1-2: DOUBLE (Line Drive, 89D, EV 102.5 MPH)
|
Pinch Runner at 2nd Travis Gilliam:
|
|
Batting: LHB Jorge Quilez
|
0-0: Ball 1-0: Ball 2-0: Fly out, F9 (Flyball, 9LDF, EV 95.0 MPH)
|
Batting: RHB Jerry Scott
|
0-0: Ball 1-0: Called Strike 1-1: Ground out 5-3 (Groundball, 56S, EV 85.0 MPH)
|
Bottom of the 4th over - 0 runs, 1 hit, 0 errors, 1 left on base; Virginia Beach 2 - Atlantic City 3 |
TOP OF THE 5TH |
Virginia Beach Whales batting - Pitching for Atlantic City Sonics : LHP Calle Lagerkvist
|
Now at SS: Luis Rodríguez
|
|
Batting: RHB Dan Pike
|
0-0: Foul Ball, location: 2F 0-1: Ball 1-1: Swinging Strike 1-2: Foul Ball, location: 2F 1-2: Ground out 6-3 (Groundball, 6, EV 88.1 MPH)
|
Batting: RHB Daniel MacKinder
|
0-0: Foul Ball, location: 2F 0-1: Ground out 6-3 (Groundball, 6MD, EV 85.6 MPH)
|
Batting: RHB Nick Harper
|
0-0: Swinging Strike 0-1: Foul Ball, location: 2F 0-2: Strikes out swinging
|
Top of the 5th over - 0 runs, 0 hits, 0 errors, 0 left on base; Virginia Beach 2 - Atlantic City 3 |
BOTTOM OF THE 5TH |
Atlantic City Sonics batting - Pitching for Virginia Beach Whales : RHP Daryl Benstead
|
Batting: RHB Román Ramírez
|
0-0: Ball 1-0: Swinging Strike 1-1: Called Strike 1-2: Ball 2-2: Ball 3-2: Foul Ball, location: 2F 3-2: Foul Ball, location: 2F 3-2: Foul Ball, location: 2F 3-2: Ground out 4-3 (Groundball, 4S, EV 64.4 MPH)
|
Pitching: RHP Javier Iturburua
|
|
Batting: RHB Zhong-yan Zhang
|
0-0: Ball 1-0: Ball 2-0: Ball 3-0: Called Strike 3-1: Base on Balls
|
Batting: SHB John Clements
|
0-0: Ball 1-0: Foul Ball, location: 2F 1-1: Called Strike 1-2: Foul Ball, location: 2F 1-2: Foul Ball, location: 2F 1-2: Ball 2-2: SINGLE (Groundball, 56S, EV 67.5 MPH) (infield hit) Zhong-yan Zhang to second
|
Batting: RHB Raffaello Dichio
|
0-0: Called Strike 0-1: Ball 1-1: Called Strike 1-2: Ball 2-2: Foul Ball, location: 2F 2-2: Strikes out swinging
|
Batting: RHB Garm van Opdorp
|
0-0: Called Strike 0-1: Swinging Strike 0-2: Strikes out swinging
|
Bottom of the 5th over - 0 runs, 1 hit, 0 errors, 2 left on base; Virginia Beach 2 - Atlantic City 3 |
TOP OF THE 6TH |
Virginia Beach Whales batting - Pitching for Atlantic City Sonics : LHP Calle Lagerkvist
|
Batting: RHB Óscar Cardozo
|
0-0: Ball 1-0: Called Strike 1-1: Ball 2-1: Swinging Strike 2-2: Foul Ball, location: 2F 2-2: Strikes out looking
|
Batting: RHB Todd Walker
|
0-0: Called Strike 0-1: Foul Ball, location: 2F 0-2: Strikes out looking
|
Batting: RHB Paul Pitts
|
0-0: Called Strike 0-1: Ball 1-1: Foul Ball, location: 2F 1-2: Foul Ball, location: 2F 1-2: Foul Ball, location: 2F 1-2: Ball 2-2: Foul Ball, location: 2F 2-2: Strikes out swinging
|
Top of the 6th over - 0 runs, 0 hits, 0 errors, 0 left on base; Virginia Beach 2 - Atlantic City 3 |
BOTTOM OF THE 6TH |
Atlantic City Sonics batting - Pitching for Virginia Beach Whales : RHP Javier Iturburua
|
Batting: LHB Luis Ortíz
|
0-0: Called Strike 0-1: Ball 1-1: SINGLE (Flyball, 78S, EV 93.1 MPH)
|
Batting: RHB Luis Rodríguez
|
0-0: Called Strike 0-1: Ball 1-1: Ball 2-1: Foul Ball, location: 2F 2-2: Foul Ball, location: 2F 2-2: Fly out, F8 (Flyball, 8LS, EV 83.8 MPH)
|
Batting: LHB Jorge Quilez
|
0-0: Ball 1-0: Fly out, F5 (Popup, 5SF, EV 74.4 MPH)
|
Batting: RHB Jerry Scott
|
0-0: Called Strike 0-1: Fly out, F8 (Flyball, 8LM, EV 83.8 MPH)
|
Bottom of the 6th over - 0 runs, 1 hit, 0 errors, 1 left on base; Virginia Beach 2 - Atlantic City 3 |
TOP OF THE 7TH |
Virginia Beach Whales batting - Pitching for Atlantic City Sonics : LHP Calle Lagerkvist
|
Batting: LHB Asberry Harpending
|
0-0: Ball 1-0: Foul Ball, location: 2F 1-1: Foul Ball, location: 2F 1-2: Foul Ball, location: 2F 1-2: Foul Ball, location: 2F 1-2: Ground out 1-3 (Groundball, 34S, EV 70.6 MPH)
|
Pitching: RHP Chris Plautz
|
|
Batting: RHB Juan Oleastro
|
0-0: Foul Ball, location: 2F 0-1: Foul Ball, location: 2F 0-2: Ball 1-2: Ground out 6-3 (Groundball, 6M, EV 82.5 MPH)
|
Batting: RHB Jessie Gibbs
|
0-0: Foul Ball, location: 2F 0-1: Ball 1-1: Ball 2-1: Foul Ball, location: 2F 2-2: Ball 3-2: Ground out 6-3 (Groundball, 6, EV 106.9 MPH)
|
Top of the 7th over - 0 runs, 0 hits, 0 errors, 0 left on base; Virginia Beach 2 - Atlantic City 3 |
BOTTOM OF THE 7TH |
Atlantic City Sonics batting - Pitching for Virginia Beach Whales : RHP Javier Iturburua
|
Batting: RHB Román Ramírez
|
0-0: Ball 1-0: Called Strike 1-1: Foul Ball, location: 2F 1-2: SINGLE (Line Drive, 6MD, EV 104.4 MPH)
|
Pitching: RHP Patrick Le Gall
|
|
Batting: RHB Zhong-yan Zhang
|
0-0: Swinging Strike 0-1: Foul Ball, location: 2F 0-2: Ball 1-2: SINGLE (Flyball, 89M, EV 85.6 MPH) Román Ramírez to second
|
Batting: SHB John Clements
|
0-0: Foul Ball, location: 2F 0-1: Ground out 4-3 (Groundball, 4, EV 86.9 MPH) Román Ramírez to third Zhong-yan Zhang to second
|
Batting: RHB Raffaello Dichio
|
0-0: Ball 1-0: SINGLE (Line Drive, 6MD, EV 97.5 MPH) Román Ramírez scores Zhong-yan Zhang to third
|
Batting: RHB Garm van Opdorp
|
0-0: Called Strike 0-1: SINGLE (Groundball, 56D, EV 101.2 MPH) Zhong-yan Zhang scores Raffaello Dichio to second
|
Batting: LHB Luis Ortíz
|
0-0: Grounds into double play, 5-4-3 (Groundball, 5, EV 77.5 MPH)
|
Bottom of the 7th over - 2 runs, 4 hits, 0 errors, 1 left on base; Virginia Beach 2 - Atlantic City 5 |
TOP OF THE 8TH |
Virginia Beach Whales batting - Pitching for Atlantic City Sonics : RHP Chris Plautz
|
Batting: RHB Dan Pike
|
0-0: Fly out, F3 (Popup, 3SF, EV 68.8 MPH)
|
Batting: RHB Daniel MacKinder
|
0-0: Called Strike 0-1: Ball 1-1: Fly out, F4 (Line Drive, 4, EV 68.1 MPH)
|
Batting: RHB Nick Harper
|
0-0: Called Strike 0-1: Swinging Strike 0-2: Strikes out swinging
|
Top of the 8th over - 0 runs, 0 hits, 0 errors, 0 left on base; Virginia Beach 2 - Atlantic City 5 |
BOTTOM OF THE 8TH |
Atlantic City Sonics batting - Pitching for Virginia Beach Whales : RHP Patrick Le Gall
|
Batting: RHB Luis Rodríguez
|
0-0: Called Strike 0-1: Swinging Strike 0-2: Ball 1-2: Fly out, F8 (Flyball, 8RM, EV 92.5 MPH)
|
Batting: LHB Jorge Quilez
|
0-0: Ball 1-0: Ball 2-0: Ground out 6-3 (Groundball, 6M, EV 101.2 MPH)
|
Batting: RHB Jerry Scott
|
0-0: Ball 1-0: Ball 2-0: Swinging Strike 2-1: Swinging Strike 2-2: Foul Ball, location: 2F 2-2: SINGLE (Flyball, 78S, EV 91.2 MPH)
|
Batting: RHB Román Ramírez
|
0-0: Called Strike 0-1: Ball 1-1: Ball 2-1: Ground out 4-3 (Groundball, 34, EV 99.4 MPH)
|
Bottom of the 8th over - 0 runs, 1 hit, 0 errors, 1 left on base; Virginia Beach 2 - Atlantic City 5 |
TOP OF THE 9TH |
Virginia Beach Whales batting - Pitching for Atlantic City Sonics : RHP Chris Plautz
|
Pitching: LHP Fernando Mora
|
|
Batting: RHB Óscar Cardozo
|
0-0: Foul Ball, location: 2F 0-1: Called Strike 0-2: Strikes out looking
|
Batting: RHB Todd Walker
|
0-0: Ball 1-0: Ball 2-0: Ball 3-0: Called Strike 3-1: SINGLE (Groundball, 5D, EV 99.4 MPH)
|
Batting: RHB Paul Pitts
|
0-0: Foul Ball, location: 2F 0-1: Foul Ball, location: 2F 0-2: Foul Ball, location: 2F 0-2: Foul Ball, location: 2F 0-2: Ball 1-2: Foul Ball, location: 2F 1-2: Fly out, F8 (Flyball, 78D, EV 103.8 MPH)
|
Batting: LHB Asberry Harpending
|
0-0: Called Strike 0-1: Ball 1-1: Foul Ball, location: 2F 1-2: Strikes out swinging
|
Top of the 9th over - 0 runs, 1 hit, 0 errors, 1 left on base; Virginia Beach 2 - Atlantic City 5 |
|